 Dungeon Crawl Stone Soup version 0.28-a0-919-g0b5b508569 (webtiles) character file.

Game seed: 6159754194526733492

77 bearlyready the Changer (level 4, 0/48 HPs)
             Began as a Merfolk Transmuter on Nov 25, 2021.
             Slain by an orc (4 damage)
             ... on level 3 of the Dungeon.
             The game lasted 00:03:30 (3042 turns).

bearlyready the Changer (Merfolk Transmuter)        Turns: 3042, Time: 00:03:31

Health: 0/48       AC:  2    Str: 10    XL:     4   Next: 33%
Magic:  6/7        EV: 12    Int: 13    God:
Gold:   80         SH:  0    Dex: 14    Spells: 1/7 levels left

rFire   . . .      SeeInvis .     - Unarmed
rCold   . . .      Faith    .   (no shield)
rNeg    . . .      Spirit   .   a - +0 robe
rPois   .          Reflect  .   (no helmet)
rElec   .          Harm     .   (no cloak)
rCorr   .          Rampage  .   (no gloves)
Will    .....                   (no boots)
Stlth   ..........              (no amulet)
HPRegen 0.16/turn               (no ring)
MPRegen 0.10/turn               (no ring)

@: berserking, very quick
A: (nimble swimmer 2), mertail
a: no special abilities


You were on level 3 of the Dungeon.
You visited 1 branch of the dungeon, and saw 3 of its levels.

You collected 80 gold pieces.

Inventory:

Missiles
 b - 128 stones
 j - 16 poisoned darts
 n - 12 sling bullets
Armour
 a - a +0 robe (worn)
Scrolls
 e - a scroll of brand weapon {unknown}
 h - a scroll of enchant armour {unknown}
 i - 2 scrolls of identify {unknown}
 k - a scroll of teleportation {unknown}
 l - a scroll of noise {unknown}
 m - a scroll of amnesia {unknown}
Potions
 f - a potion of mutation {unknown}
 g - a potion of invisibility {unknown}


   Skills:
 - Level 1.1 Fighting
 - Level 2.6 Dodging
 - Level 4.1 Unarmed Combat
 - Level 2.0 Spellcasting
 + Level 4.6 Transmutations
 + Level 1.5 Poison Magic


You had one spell level left.
You knew the following spells:

 Your Spells              Type           Power      Damage    Failure   Level
a - Beastly Appendage     Tmut           26%        N/A       3%          1
b - Wereblood             Tmut           13%        N/A       6%          2
c - Spider Form           Tmut/Pois      9%         N/A       22%         3

Your spell library contained the following spells:

 Spells                   Type           Power      Damage    Failure   Level
 Ice Form                 Ice/Tmut       7%         N/A       69%         4


Dungeon Overview and Level Annotations

Branches:
Dungeon (3/15)

Altars:

Shops:
D:2 [


Innate Abilities, Weirdness & Mutations

((You are quick and stealthy near water. (Stealth+, EV+, Speed+++)))
Your lower body shifts to a powerful aquatic tail in water.


Message History

You hit the ball python but do no damage.
The ball python looks as sick as possible!
The ball python is moderately wounded.
The ball python bites you but does no damage.
The ball python constricts you.
You bite the ball python!
You kill the ball python!
Your transformation has ended.
Your +0 robe unmelds from your body.
You hear some strange, mumbled words.
You are confused.
You're too confused to cast spells.
Unknown command.
It was a potion of heal wounds.
You feel much better. The orc hits you with a +0 whip.
You feel less confused. The orc barely misses you.
The orc hits you but does no damage. The orc hits you with a +0 whip.
You hear some strange, mumbled words.
You are confused.
The orc barely misses you.
You bump into the rock wall.
The orc hits you but does no damage.
You bump into the rock wall.
The orc hits you with a +0 whip.
You're too confused to move!
The orc hits you with a +0 whip.
You hit the orc.
The orc is moderately wounded.
Something hits you but does no damage. Something hits you.
The orc hits you with a +0 hand axe! The orc hits you with a +0 whip.
* * * LOW HITPOINT WARNING * * *
It was a potion of berserk rage.
A red film seems to cover your vision as you go berserk!
You feel yourself moving faster!
You feel mighty!
You feel less confused.
You hear some strange, mumbled words.
A magic dart appears from out of thin air!
The magic dart hits you.
* * * LOW HITPOINT WARNING * * *
The orc hits you with a +0 hand axe.
You die...

#######################.###
#..........................
#.#######..############...#
#.##......................#
#.##.####..############....
#.##.####..####### #.###
#.##........)....# #.#
#.##.####.)#####.# #.###
#.......#{@# #....
#.......#oo# #####
#.......#..## #...........#
#.......##..#####
#.......##......#
#.......###.#...# ####.####
#.#...# #.# #.##.##


You could see 2 orcs.

Vanquished Creatures
  3 adders
  A dart slug (D:1)
  2 orcs (D:3)
  3 ball pythons
  3 endoplasms
  A giant cockroach (D:1)
  4 goblins
  8 hobgoblins
  6 kobolds
  2 quokkas
  5 bats
  A frilled lizard (D:1)
  2 rats
41 creatures vanquished.

Notes
Turn   | Place    | Note
-------+----------+-------------------------------------------
     0 | D:1      | bearlyready the Merfolk Transmuter began the quest for the
                  | Orb.
     0 | D:1      | Reached XP level 1. HP: 15/15 MP: 3/3
   418 | D:1      | Reached XP level 2. HP: 20/21 MP: 5/5
   421 | D:1      | Learned a level 2 spell: Wereblood
   866 | D:1      | Found a faded altar of an unknown god.
  1139 | D:2      | Reached XP level 3. HP: 26/26 MP: 2/6
  1226 | D:2      | Found Uroumal's Armour Shoppe.
  1550 | D:2      | Learned a level 3 spell: Spider Form
  2079 | D:3      | Reached skill level 1 in Poison Magic
  2403 | D:3      | Reached XP level 4. HP: 23/32 MP: 7/7
  3042 | D:3      | Slain by an orc

Illustrated notes

Levels and vault maps discovered:
D:1:      tarquinn_simple_flora_water_d, layout_loops_ring,
          basic_ecumenical_altar, minmay_misc_feat_chi, minmay_bisected
D:2:      layout_rooms, serial_shops, nicolae_shop_window_shopping
D:3:      layout_loops_ring, minmay_between

Skill      XL: |  1  2  3 |
---------------+----------+-----
Transmutations | 3 4 |  4.6
Unarmed Combat | 4 |  4.1
Poison Magic   | 1 |  1.5
Fighting       | |  1.1
Dodging        | |  2.6
Spellcasting   | |  2.0

Action                   |  1- 3 |  4- 6 || total
-------------------------+-------+-------++-------
Melee: Unarmed           |   115 |    29 ||   144
       Headbutt          |     9 |     1 ||    10
       Punch             |     5 |       ||     5
 Cast: Beastly Appendage |    13 |     3 ||    16
       Wereblood         |     3 |       ||     3
       Spider Form       |     1 |     1 ||     2
  Use: Potion            |       |     2 ||     2
 Stab: Sleeping          |     1 |       ||     1
Armor: Robe              |    16 |     7 ||    23
       Skin              |       |     1 ||     1
Dodge: Dodged            |    65 |    22 ||    87

Table legend: (Time is in decaauts)
 A = Elapsed time spent in this place.
 B = Non-inter-level travel time spent in this place.
 C = Inter-level travel time spent in this place.
 D = Time resting spent in this place.
 E = Time spent auto-exploring this place.
 F = Levels seen in this place.
 G = Mean time per level.
                   A        B        C        D        E       F      G
               +--------+--------+--------+--------+--------+-----+--------+
         Total |   3032 |   2980 |     52 |    509 |   2043 |   3 | 1010.7 |
       Dungeon |   3032 |   2980 |     52 |    509 |   2043 |   3 | 1010.7 |
               +--------+--------+--------+--------+--------+-----+--------+

Top non-repeatable levels by time:
     D:2: 1215 daAuts
     D:1: 1127 daAuts
     D:3: 689 daAuts
